Map: 2000 Atmospheres LE

Players

Neeb - Winner!

  • Race: Protoss Protoss

Spirit

  • Race: Terran Terran

Event: IEM Katowice 2022

VOD

Have the link to the VOD?

Description

Time

  • Played on: Feb. 24, 2022, 8:43 a.m.
  • Length: 11:41

All games in this series

Show
View Real Time Build Order
Export as new Build Order

Neeb Protoss - Winner!

Build Orders: 1 Gate Expand, Oracle Opening, Phoenix Opening 

Get SALT Encoding   

  12  0:00  Probe  
  13  0:12  Probe  
  14  0:17  Pylon  
  14  0:24  Probe (Chrono Boost)  
  15  0:36  Probe (Chrono Boost)  
  15  0:37  Gateway  
  16  0:45  Probe (Chrono Boost)  
  16  0:46  Assimilator  
  17  0:51  Probe  
  18  1:03  Probe  
  19  1:15  Probe  
  20  1:25  Cybernetics Core  
  20  1:33  Nexus  
  20  1:37  Probe  
  21  1:45  Pylon  
  21  1:49  Probe  
  21  1:52  Assimilator  
  22  2:01  Probe (Chrono Boost)  
  22  2:02  Adept (Chrono Boost)  
  25  2:12  Probe (Chrono Boost)  
  26  2:17  Probe (Chrono Boost)  
  26  2:21  Stargate  
  27  2:23  Adept (Chrono Boost)  
  27  2:28  Probe  
  30  2:33  Warp Gate  
  30  2:37  Assimilator  
  30  2:40  Probe  
  31  2:46  Probe  
  31  2:52  Probe  
  31  2:54  Adept (Chrono Boost)  
  31  2:58  Probe  
  35  3:04  Probe  
  36  3:09  Oracle  
  36  3:10  Probe  
  40  3:15  Pylon  
  40  3:16  Probe  
  41  3:22  Probe  
  42  3:28  Probe  
  43  3:34  Probe  
  43  3:40  Probe  
  45  3:42  Gateway x2  
  45  3:46  Probe  
  45  3:47  Phoenix  
  46  3:52  Probe  
  47  3:58  Probe (Chrono Boost)  
  48  4:05  Nexus  
  48  4:09  Probe (Chrono Boost)  
  50  4:10  Probe (Chrono Boost)  
  50  4:13  Pylon  
  51  4:18  Probe (Chrono Boost), Phoenix (Chrono Boost)  
  51  4:19  Probe (Chrono Boost)  
  54  4:24  Assimilator  
  54  4:31  Probe x2  
  56  4:35  Pylon  
  56  4:38  Phoenix (Chrono Boost)  
  56  4:42  Forge  
  56  4:43  Twilight Council  
  56  4:45  Probe x2  
  60  4:57  Probe x2, Phoenix  
  64  5:03  Sentry, Charge (Chrono Boost)  
  64  5:04  Protoss Ground Weapons Level 1 (Chrono Boost)  
  64  5:06  Shield Battery  
  66  5:09  Probe x2  
  68  5:16  Gateway  
  68  5:18  Gateway  
  68  5:21  Probe x2  
  68  5:25  Probe  
  71  5:28  Gateway  
  71  5:31  Pylon  
  71  5:33  Probe  
  72  5:36  Sentry  
  72  5:40  Phoenix  
  76  5:44  Zealot x2  
  80  5:53  Probe x2  
  82  6:00  Probe  
  83  6:05  Pylon, Probe x2, Phoenix  
  83  6:10  Zealot x3  
  83  6:11  Pylon  
  93  6:23  Probe  
  93  6:24  Gateway  
  93  6:25  Zealot x3  
  100  6:28  Gateway  
  100  6:30  Templar Archives  
  102  6:35  Photon Cannon, Pylon  
  102  6:37  Zealot x2  
  104  6:43  Zealot  
  106  6:53  Zealot  
  108  6:55  Gateway  
  108  6:57  Pylon  
  108  6:59  Pylon  
  108  7:02  Zealot x4  
  108  7:07  Protoss Ground Armor Level 1 (Chrono Boost)  
  116  7:11  Robotics Facility  
  106  7:24  Phoenix  
  98  7:33  Zealot x8  
  114  7:38  Probe x2  
  116  7:48  Nexus  
  116  7:49  Pylon  
  99  7:59  Pylon x2, Zealot  
  99  8:01  Pylon  
  93  8:09  Zealot  
  93  8:10  Zealot x4  
  95  8:21  Nexus  
  95  8:36  High Templar x2  
  95  8:37  High Templar x4  
  95  8:41  Pylon  
  107  8:42  Archon x2  
  107  8:43  Archon  
  107  8:48  Pylon  
  107  8:54  Probe x2  
  98  9:10  Zealot x6  
  98  9:11  Zealot x3  
  116  9:20  Probe  
  116  9:24  Probe  
  116  9:28  Probe  
  116  9:31  Observer  
  116  9:32  Probe (Chrono Boost)  
  116  9:35  Zealot x3  
  116  9:36  Zealot x6  
  135  9:43  Probe x2 (Chrono Boost)  
  135  9:44  Robotics Bay  
  138  9:46  Robotics Facility, Probe (Chrono Boost)  
  138  9:47  Probe (Chrono Boost)  
  141  9:52  Probe x2 (Chrono Boost)  
  141  9:53  Probe (Chrono Boost)  
  141  9:55  Shield Battery  
  142  10:02  Photon Cannon  
  142  10:05  Photon Cannon  
  142  10:12  Observer  
  143  10:20  Stalker x2  
  143  10:21  Zealot x6  
  159  10:32  Photon Cannon  
  159  10:37  Pylon  
  159  10:38  Pylon  
  159  10:39  Pylon  
  159  10:40  Zealot  
  159  10:41  Zealot  
  163  10:45  Probe  
  163  10:47  Colossus x2 (Chrono Boost)  
  171  10:58  Probe  
  172  11:06  Probe  
  172  11:07  Probe  
  172  11:09  Pylon  
  174  11:15  Pylon  
  174  11:19  Pylon  
  174  11:20  Pylon  
  172  11:26  Probe  
  172  11:31  Zealot x7  
Show
View Real Time Build Order
Export as new Build Order

Spirit Terran 

Build Orders:  

Get SALT Encoding   

  12  0:00  SCV  
  13  0:12  SCV  
  14  0:17  Supply Depot  
  14  0:24  SCV  
  15  0:38  SCV  
  15  0:40  Barracks  
  16  0:44  Refinery  
  16  0:50  SCV  
  17  1:02  SCV  
  18  1:14  SCV  
  19  1:27  Marine, Orbital Command  
  20  1:44  Command Center  
  20  1:45  Reaper  
  21  1:52  SCV  
  21  1:54  Supply Depot  
  22  2:05  SCV  
  23  2:09  Factory  
  23  2:13  Bunker  
  23  2:17  SCV, Marine  
  25  2:23  Refinery  
  25  2:29  SCV  
  26  2:36  Barracks Reactor  
  26  2:41  SCV  
  27  2:53  SCV  
  27  2:56  Hellion, Starport  
  27  2:57  Orbital Command  
  30  3:05  SCV  
  31  3:13  Marine x2  
  31  3:17  SCV  
  31  3:18  Widow Mine  
  36  3:21  Supply Depot  
  36  3:24  SCV  
  37  3:29  SCV  
  37  3:31  Marine  
  39  3:36  SCV  
  39  3:39  Medivac  
  42  3:41  SCV  
  42  3:47  Supply Depot, Marine  
  44  3:53  SCV, Marine  
  48  3:55  Widow Mine  
  48  3:58  Barracks  
  48  4:00  Barracks  
  48  4:02  SCV  
  46  4:06  SCV, Engineering Bay  
  47  4:10  Supply Depot  
  47  4:14  Viking  
  49  4:19  SCV, Factory Tech Lab  
  49  4:20  SCV  
  51  4:25  Marine  
  51  4:28  Marine  
  51  4:29  Supply Depot  
  51  4:31  SCV  
  54  4:32  SCV  
  54  4:36  Terran Infantry Weapons Level 1  
  55  4:43  SCV  
  55  4:44  SCV, Marine  
  55  4:45  Refinery  
  58  4:47  Factory Reactor, Barracks Tech Lab  
  58  4:53  Stimpack  
  58  4:54  Missile Turret  
  58  4:55  SCV, Marauder  
  58  4:56  Starport Reactor  
  58  4:58  SCV  
  58  4:59  Marine  
  63  5:07  SCV  
  63  5:08  Refinery, Combat Shield  
  63  5:10  Supply Depot  
  64  5:17  SCV, Marine, Marauder x2  
  70  5:22  Marine  
  70  5:28  SCV  
  70  5:31  Supply Depot, SCV  
  70  5:34  Marine  
  72  5:36  Medivac  
  72  5:38  Marauder x2  
  72  5:40  SCV  
  72  5:42  Marine  
  80  5:46  Medivac  
  82  5:51  Supply Depot  
  82  5:52  Widow Mine, Marine  
  82  5:54  Widow Mine  
  82  5:55  Supply Depot  
  87  6:00  Marine, Marauder x2  
  92  6:15  Marine  
  93  6:18  Marine  
  93  6:20  Command Center  
  93  6:21  Marauder x2  
  93  6:23  Medivac x2  
  102  6:27  Concussive Shells  
  102  6:33  Marine  
  102  6:35  Supply Depot  
  102  6:36  Marine  
  102  6:38  Supply Depot, Widow Mine  
  106  6:42  Marauder  
  106  6:43  Marauder  
  108  6:50  Marine  
  108  6:51  Widow Mine  
  105  6:54  Marine  
  105  6:59  Widow Mine  
  105  7:00  Terran Infantry Armor Level 1  
  108  7:03  Barracks x2, Marine  
  108  7:04  SCV, Marauder  
  112  7:09  SCV  
  112  7:12  Widow Mine  
  115  7:16  Supply Depot  
  115  7:17  Supply Depot  
  115  7:18  Marine  
  115  7:20  Marine  
  115  7:21  Widow Mine  
  111  7:23  Marine  
  111  7:25  Marine  
  96  7:31  Medivac  
  96  7:34  Widow Mine  
  96  7:36  Marine  
  101  7:38  Marine  
  101  7:41  Marauder  
  101  7:42  Widow Mine, Marine  
  101  7:54  Marine  
  101  7:55  Widow Mine  
  101  7:56  Marine, Medivac  
  92  8:00  Marine  
  92  8:02  Marine  
  92  8:04  Widow Mine  
  78  8:12  Marine  
  76  8:13  Marine  
  76  8:16  Widow Mine  
  76  8:18  Marine  
  78  8:21  Marauder  
  78  8:24  Armory  
  78  8:25  Widow Mine  
  79  8:29  Marine  
  79  8:31  Marine  
  74  8:36  Marine  
  74  8:38  Widow Mine  
  73  8:41  Marine  
  73  8:46  Widow Mine  
  73  8:47  Orbital Command, Marine  
  77  8:49  Marine x2  
  77  8:53  Marine  
  77  8:54  Marine  
  81  8:59  Marine  
  81  9:01  Widow Mine  
  84  9:05  Marine  
  84  9:07  Marine x2  
  82  9:10  Widow Mine, Medivac  
  82  9:12  Marauder  
  82  9:14  Marine  
  87  9:18  Marauder  
  87  9:21  Medivac  
  87  9:23  Widow Mine, Marine  
  83  9:31  Widow Mine  
  83  9:33  Marauder  
  85  9:39  Marauder  
  85  9:40  Medivac  
  85  9:42  Marine  
  85  9:44  Widow Mine  
  92  9:51  Marine, Medivac  
  97  9:53  Widow Mine, Marine  
  97  9:55  Marauder  
  97  9:56  Marine  
  101  10:06  Widow Mine, Orbital Command  
  105  10:10  Marine, Medivac  
  105  10:12  Marine  
  109  10:15  Widow Mine  
  109  10:16  Marauder  
  109  10:20  SCV  
  109  10:21  SCV, Ghost Academy, Medivac  
  113  10:25  Marine  
  110  10:32  SCV  
  110  10:33  SCV  
  110  10:36  SCV  
  110  10:39  Barracks Reactor, Marine  
  112  10:44  SCV  
  112  10:45  Marine, Marauder x2  
  112  10:46  SCV  
  119  10:50  Medivac  
  118  11:01  Medivac  
  118  11:02  Marine  
  118  11:03  Marine  
  114  11:06  Marine  
  114  11:07  Marauder  
  114  11:10  Widow Mine  
  115  11:13  Marine  
  116  11:20  Marine  

Tags
 
Add a new tag
Caveats
  • Supply blocks, unpowered buildings, or Contaminate may cause inaccurate times.
  • Supply counts are checked every 10 seconds.